 Dungeon Crawl Stone Soup version 0.25.0-26-g0c896c7088 (webtiles) character file.

Game seed: 9018634561021467254

272 protoss039 the Vexing (level 6, -1/34 HPs)
             Began as a Vampire Enchanter on July 4, 2020.
             Slain by a centaur (10 damage)
             ... on level 7 of the Dungeon.
             The game lasted 00:13:26 (3535 turns).

protoss039 the Vexing (Vampire Enchanter)           Turns: 3535, Time: 00:13:27

Health: -1/34      AC:  3    Str:  7    XL:     6   Next: 2%
Magic:  0/11       EV: 13    Int: 18    God:
Gold:   151        SH:  0    Dex: 16    Spells: 3/12 levels left

rFire    . . .     SeeInvis +   a - +1 dagger
rCold    + + .     Gourm    .   (no shield)
rNeg     + + +     Faith    .   b - +0 robe
rPois    ∞         Spirit   .   (no helmet)
rElec    .         Reflect  .   i - +0 cloak
rCorr    .         Harm     .   (no gloves)
MR       .....                  (no boots)
Stlth    +++++.....             (no amulet)
HPRegen  0.00/turn              (no ring)
MPRegen  0.12/turn              (no ring)

@: bloodless
A: no food, fangs 3, see invisible, unbreathing
a: Bat Form, Revivify


You were on level 7 of the Dungeon.
You were bloodless.

You visited 1 branch of the dungeon, and saw 5 of its levels.

You collected 151 gold pieces.

Inventory:

Hand Weapons
 a - a +1 dagger (weapon)
Armour
 b - a +0 robe (worn)
 i - a +0 cloak (worn)
Jewellery
 k - an uncursed ring of protection from fire {unknown}
Scrolls
 c - a scroll of enchant armour
 d - a scroll of fog
 e - a scroll of magic mapping
 h - 3 scrolls of remove curse
 m - a scroll of immolation
 n - a scroll of teleportation
Potions
 f - 2 potions of curing
 g - 2 potions of degeneration {unknown}
 l - a potion of mutation {unknown}
 o - a potion of lignification {unknown}


   Skills:
 + Level 1.0 Fighting
 + Level 2.3 Short Blades
 + Level 2.9 Dodging
 + Level 6.0 Stealth
 + Level 3.6 Spellcasting
 + Level 6.0 Hexes


You had 3 spell levels left.
You knew the following spells:

 Your Spells              Type           Power        Failure   Level  Hunger
a - Corona                Hex            ####...      1%          1    N/A
b - Confusing Touch       Hex            ####....     3%          3    N/A
c - Ensorcelled Hibernat  Hex/Ice        ##....       7%          2    N/A
d - Tukima's Dance        Hex            ####....     3%          3    N/A

Your spell library contained the following spells:

 Spells                   Type           Power        Failure   Level  Hunger
 Dazzling Flash           Conj/Hex       ##....       13%         3    N/A
 Animate Skeleton         Necr           N/A          16%         1    N/A
 Magic Dart               Conj           #...         16%         1    N/A
 Pain                     Necr           #...         16%         1    N/A
 Searing Ray              Conj           #.....       24%         2    N/A
 Vampiric Draining        Necr           #.........   43%         3    N/A
 Fulminant Prism          Conj/Hex       ##........   41%         4    N/A
 Animate Dead             Necr           N/A          83%         4    N/A
 Iskenderun's Mystic Bla  Conj/Tloc      #.......     83%         4    N/A
 Agony                    Necr           #.......     99%         5    N/A

Dungeon Overview and Level Annotations

Branches:
Dungeon (4/15)
 Temple: D:4-7

Altars:
Ashenzari
Hepliaklqana
Kikubaaqudgha
Sif Muna
Yredelemnul

Annotations:
D:2 1 exclusion


Innate Abilities, Weirdness & Mutations

You do not eat.
You do not regenerate when monsters are visible.
You are frail without blood (-20% HP).
You can heal yourself when you bite living creatures.
You are immune to poison.
You have razor-sharp teeth.
You have supernaturally acute eyesight. (SInv)
You can survive without breathing.


Message History

Aiming: Ensorcelled Hibernation (safe; 7% risk of failure)
Press: ? - help, Shift-Dir - straight line, f - centaur
Aim: a centaur, wielding a +0 shortbow and quivering 14 arrows (chance to defeat MR: 45%)
The centaur resists with some effort.
The centaur shoots an arrow.
The arrow barely misses you.
Casting: Ensorcelled Hibernation (safe; 7% risk of failure)
Confirm with . or Enter, or press ? or * to list all spells.
Aiming: Ensorcelled Hibernation (safe; 7% risk of failure)
Press: ? - help, Shift-Dir - straight line, f/p - centaur
Aim: a centaur, wielding a +0 shortbow and quivering 13 arrows (chance to defeat MR: 45%)
The centaur resists with some effort.
The centaur shoots an arrow.
The arrow hits you.
Unknown command.
The centaur unwields a +0 shortbow.
The centaur hits you!
* * * LOW HITPOINT WARNING * * *
The centaur closely misses you.
Unknown command.
Unknown command.
You hit the centaur but do no damage. The centaur hits you!
You die...

..#..........# ...
..#..........#......
..#..........#..##o.
..'.............. ..
..#.###.#.##.#..# .#
#.#....#..# .#
#......#..# .#
####.#.#..##(#.####
......(....@(......#
#...##.###c##.#.##.#
#... #.. #....# #..
##.###.....# #. .#
.#.#.# #. .#.#.#
.c.# # ##.#


You could see a centaur.

Vanquished Creatures
  A hound (D:7)
  An orc priest (D:4)
  Terence (D:3)
  An orc wizard (D:4)
  4 gnolls
  3 adders
  An ooze (D:3)
  3 worms
  3 dart slugs
  3 leopard geckos
  3 orcs
  6 bats
  3 giant cockroaches
  9 goblins
  5 hobgoblins
  4 jackals (D:3)
  3 quokkas
  6 frilled lizards
  6 kobolds
  4 rats
70 creatures vanquished.

Vanquished Creatures (collateral kills)
  3 orcs (D:3)
3 creatures vanquished.

Grand Total: 73 creatures vanquished

Notes
Turn   | Place    | Note
-------+----------+-------------------------------------------
     0 | D:1      | protoss039 the Vampire Enchanter began the quest for the
                  | Orb.
     0 | D:1      | Reached XP level 1. HP: 13/13 MP: 3/3
   195 | D:1      | Reached XP level 2. HP: 15/19 MP: 0/5
   378 | D:1      | Reached skill level 5 in Hexes
   421 | D:1      | Reached skill level 5 in Stealth
   504 | D:1      | Reached XP level 3. HP: 24/24 MP: 3/6
   851 | D:2      | Learned a level 3 spell: Confusing Touch
   854 | D:2      | Learned a level 2 spell: Ensorcelled Hibernation
  1521 | D:2      | Reached XP level 4. HP: 24/24 MP: 7/7
  1749 | D:2      | Found a shimmering blue altar of Sif Muna.
  2510 | D:3      | Learned a level 3 spell: Tukima's Dance
  2768 | D:3      | Found a hazy altar of Hepliaklqana.
  2796 | D:3      | Noticed Terence
  2800 | D:3      | Killed Terence
  2800 | D:3      | Reached XP level 5. HP: 28/28 MP: 9/9
  3236 | D:4      | Found a basalt altar of Yredelemnul.
  3236 | D:4      | Found a shattered altar of Ashenzari.
  3237 | D:4      | Found an ancient bone altar of Kikubaaqudgha.
  3473 | D:4      | You fall into a shaft and drop 3 floors!
  3478 | D:7      | Noticed an orc warrior
  3482 | D:7      | Reached skill level 1 in Fighting
  3482 | D:7      | Reached XP level 6. HP: 34/34 MP: 11/11
  3535 | D:7      | Slain by a centaur

Illustrated notes

Levels and vault maps discovered:
D:1:      co_arrival_square_in_a_square_in_a_square, layout_rooms
D:2:      layout_loops_ring, led_sif_pool
D:3:      layout_loops_cross, nicolae_overflow_crystal_walls, first_ration,
          uniq_terence
D:4:      layout_basic, minitemple, minmay_temple_entry_from_below_a,
          uniq_duvessa
D:7:      gammafunk_the_bubble [the_bubble_gammafunk_crates], layout_basic,
          nrook_mini_backslash

Skill      XL: |  1  2  3  4  5 |
---------------+----------------+-----
Hexes          | 5 6 |  6.0
Stealth        | 5 6 |  6.0
Spellcasting   | 3 |  3.6
Short Blades   | 2 |  2.3
Fighting       | 1 |  1.0
Dodging        | |  2.9

Action                   |  1- 3 |  4- 6 || total
-------------------------+-------+-------++-------
Melee: Dagger            |    94 |   125 ||   219
       Bite              |     5 |    16 ||    21
 Cast: Corona            |    21 |    25 ||    46
       Ensorcelled Hiber |     1 |    16 ||    17
       Confusing Touch   |       |     3 ||     3
       Tukima's Dance    |       |     3 ||     3
 Abil: Exsanguinate      |     1 |       ||     1
  Use: Scroll            |       |     7 ||     7
       Potion            |       |     2 ||     2
 Stab: Sleeping          |    17 |    12 ||    29
       Confused          |       |     1 ||     1
Armor: Robe              |    16 |    18 ||    34
Dodge: Dodged            |    63 |    89 ||   152
